Workbook
Name Decision: [2]lista!$A$6:$A$7
Name DEPARTAMENTO: #REF!
Name PARTICIPACION: [2]lista!$A$15:$A$17
Name Procedencia: [2]lista!$A$2:$A$3
Name RESPUESTA: [3]LISTA!$A$1:$A$2
Name RESPUESTA2: [3]LISTA!$C$1:$C$3
Name tipo: [2]lista!$A$11:$A$13
Name x: [2]lista!$A$11:$A$13

Sheet CONSOLIDADO
B2: CONSOLIDADO DE COTIZACIONES - REPUESTOS E INSUMOS PARA EQUIPOS TI 2025
B4: OBJETO: Contratar la adquisición de repuestos para equipos de tecnología del INSOR.
G6: =+'AND&OR'!B9 -> AND&OR TECNOLOGIAS S.A.S | I6: =+NEXWARE!B9 -> NEXWARE COLOMBIA | K6: =+'C&T'!B9 -> C&T SOLUCIONES SAS | M6: =+RG!B9 -> SOLUCIONES TECNOLOGICAS RG S.A.S | O6: PROMEDIO SIMPLE | Q6: MEDIA ARITMETICA | S6: PROMEDIO 3 MAS BAJAS
B7: # | C7: Descripcion específica | D7: Unidad | E7: Cant. | F7: Tarifa IVA % | G7: Valor unitario antes de IVA | H7: Precio Unitario IVA incluido (redondeado) | I7: Valor unitario antes de IVA | J7: Precio Unitario IVA incluido (redondeado) | K7: Valor unitario antes de IVA | L7: Precio Unitario IVA incluido (redondeado) | M7: Valor unitario antes de IVA | N7: Precio Unitario IVA incluido (redondeado) | O7: Valor unitario antes de IVA | P7: Precio Unitario IVA incluido (redondeado) | Q7: Valor unitario antes de IVA | R7: Precio Unitario IVA incluido (redondeado) | S7: Valor unitario antes de IVA | T7: Precio Unitario IVA incluido (redondeado)
B8: 1 | C8: Disco Duro – 500 Gb Ssd | D8: Unidad | E8: 1 | F8: 0.19 | G8: =+'AND&OR'!G15 -> 192000 | H8: =ROUND(G8*(1+$F8),0) -> 228480 | I8: =+NEXWARE!G15 -> 130000 | J8: =ROUND(I8*(1+$F8),0) -> 154700 | K8: =+'C&T'!G15 -> 177000 | L8: =ROUND(K8*(1+$F8),0) -> 210630 | M8: =+RG!G15 -> 190000 | N8: =ROUND(M8*(1+$F8),0) -> 226100 | O8: =+ROUND(AVERAGE(G8,I8,K8,M8),0) -> 172250 | P8: =ROUND(O8*(1+$F8),0) -> 204978 | Q8: =+ROUND(GEOMEAN(G8,I8,K8,M8),0) -> 170213 | R8: =ROUND(Q8*(1+$F8),0) -> 202553 | S8: {=+ROUND(AVERAGE(SMALL((G8,I8,K8,M8),{1;2;3})),0)} -> 165667 | T8: =ROUND(S8*(1+$F8),0) -> 197144
B9: 2 | C9: Disco Duro Externo - 2 Tb | D9: Unidad | E9: 1 | F9: 0.19 | G9: =+'AND&OR'!G16 -> 412000 | H9: =ROUND(G9*(1+$F9),0) -> 490280 | I9: =+NEXWARE!G16 -> 560000 | J9: =ROUND(I9*(1+$F9),0) -> 666400 | K9: =+'C&T'!G16 -> 767000 | L9: =ROUND(K9*(1+$F9),0) -> 912730 | M9: =+RG!G16 -> 390000 | N9: =ROUND(M9*(1+$F9),0) -> 464100 | O9: =+ROUND(AVERAGE(G9,I9,K9,M9),0) -> 532250 | P9: =ROUND(O9*(1+$F9),0) -> 633378 | Q9: =+ROUND(GEOMEAN(G9,I9,K9,M9),0) -> 512550 | R9: =ROUND(Q9*(1+$F9),0) -> 609935 | S9: {=+ROUND(AVERAGE(SMALL((G9,I9,K9,M9),{1;2;3})),0)} -> 454000 | T9: =ROUND(S9*(1+$F9),0) -> 540260
B10: 3 | C10: Limpiador De Contactos 450ML | D10: Unidad 450ml | E10: 1 | F10: 0.19 | G10: =+'AND&OR'!G17 -> 52000 | H10: =ROUND(G10*(1+$F10),0) -> 61880 | I10: =+NEXWARE!G17 -> 30000 | J10: =ROUND(I10*(1+$F10),0) -> 35700 | K10: =+'C&T'!G17 -> 39000 | L10: =ROUND(K10*(1+$F10),0) -> 46410 | M10: =+RG!G17 -> 70000 | N10: =ROUND(M10*(1+$F10),0) -> 83300 | O10: =+ROUND(AVERAGE(G10,I10,K10,M10),0) -> 47750 | P10: =ROUND(O10*(1+$F10),0) -> 56823 | Q10: =+ROUND(GEOMEAN(G10,I10,K10,M10),0) -> 45428 | R10: =ROUND(Q10*(1+$F10),0) -> 54059 | S10: {=+ROUND(AVERAGE(SMALL((G10,I10,K10,M10),{1;2;3})),0)} -> 40333 | T10: =ROUND(S10*(1+$F10),0) -> 47996
B11: 4 | C11: Cable Hdmi Doble Filtro X 20 M | D11: Unidad 20m | E11: 1 | F11: 0.19 | G11: =+'AND&OR'!G18 -> 155000 | H11: =ROUND(G11*(1+$F11),0) -> 184450 | I11: =+NEXWARE!G18 -> 130000 | J11: =ROUND(I11*(1+$F11),0) -> 154700 | K11: =+'C&T'!G18 -> 80000 | L11: =ROUND(K11*(1+$F11),0) -> 95200 | M11: =+RG!G18 -> 60000 | N11: =ROUND(M11*(1+$F11),0) -> 71400 | O11: =+ROUND(AVERAGE(G11,I11,K11,M11),0) -> 106250 | P11: =ROUND(O11*(1+$F11),0) -> 126438 | Q11: =+ROUND(GEOMEAN(G11,I11,K11,M11),0) -> 99170 | R11: =ROUND(Q11*(1+$F11),0) -> 118012 | S11: {=+ROUND(AVERAGE(SMALL((G11,I11,K11,M11),{1;2;3})),0)} -> 90000 | T11: =ROUND(S11*(1+$F11),0) -> 107100
B12: 5 | C12: Adaptador Usb A Ethernet, Concentrador Usb 5 En 1 | D12: Unidad | E12: 1 | F12: 0.19 | G12: =+'AND&OR'!G19 -> 92000 | H12: =ROUND(G12*(1+$F12),0) -> 109480 | I12: =+NEXWARE!G19 -> 75000 | J12: =ROUND(I12*(1+$F12),0) -> 89250 | K12: =+'C&T'!G19 -> 95000 | L12: =ROUND(K12*(1+$F12),0) -> 113050 | M12: =+RG!G19 -> 140000 | N12: =ROUND(M12*(1+$F12),0) -> 166600 | O12: =+ROUND(AVERAGE(G12,I12,K12,M12),0) -> 100500 | P12: =ROUND(O12*(1+$F12),0) -> 119595 | Q12: =+ROUND(GEOMEAN(G12,I12,K12,M12),0) -> 97876 | R12: =ROUND(Q12*(1+$F12),0) -> 116472 | S12: {=+ROUND(AVERAGE(SMALL((G12,I12,K12,M12),{1;2;3})),0)} -> 87333 | T12: =ROUND(S12*(1+$F12),0) -> 103926
B13: 6 | C13: Cable de Video Vga De 12 Mts | D13: Unidad 12m | E13: 1 | F13: 0.19 | G13: =+'AND&OR'!G20 -> 68000 | H13: =ROUND(G13*(1+$F13),0) -> 80920 | I13: =+NEXWARE!G20 -> 45000 | J13: =ROUND(I13*(1+$F13),0) -> 53550 | K13: =+'C&T'!G20 -> 41000 | L13: =ROUND(K13*(1+$F13),0) -> 48790 | M13: =+RG!G20 -> 70000 | N13: =ROUND(M13*(1+$F13),0) -> 83300 | O13: =+ROUND(AVERAGE(G13,I13,K13,M13),0) -> 56000 | P13: =ROUND(O13*(1+$F13),0) -> 66640 | Q13: =+ROUND(GEOMEAN(G13,I13,K13,M13),0) -> 54438 | R13: =ROUND(Q13*(1+$F13),0) -> 64781 | S13: {=+ROUND(AVERAGE(SMALL((G13,I13,K13,M13),{1;2;3})),0)} -> 51333 | T13: =ROUND(S13*(1+$F13),0) -> 61086
B14: 7 | C14: Jack Power Pin de Carga Dell Latitude 3510 | D14: Unidad | E14: 1 | F14: 0.19 | G14: =+'AND&OR'!G21 -> 98000 | H14: =ROUND(G14*(1+$F14),0) -> 116620 | I14: =+NEXWARE!G21 -> 90000 | J14: =ROUND(I14*(1+$F14),0) -> 107100 | K14: =+'C&T'!G21 -> 55000 | L14: =ROUND(K14*(1+$F14),0) -> 65450 | M14: =+RG!G21 -> 170000 | N14: =ROUND(M14*(1+$F14),0) -> 202300 | O14: =+ROUND(AVERAGE(G14,I14,K14,M14),0) -> 103250 | P14: =ROUND(O14*(1+$F14),0) -> 122868 | Q14: =+ROUND(GEOMEAN(G14,I14,K14,M14),0) -> 95295 | R14: =ROUND(Q14*(1+$F14),0) -> 113401 | S14: {=+ROUND(AVERAGE(SMALL((G14,I14,K14,M14),{1;2;3})),0)} -> 81000 | T14: =ROUND(S14*(1+$F14),0) -> 96390
B15: 8 | C15: Ayudante Electrónica Tercera Mano Tercer Brazo (Lupa, 3 Soportes Y Soporte Para Cautín), caimanes en acero inoxidable y Base de acero fundido | D15: Unidad | E15: 1 | F15: 0.19 | G15: =+'AND&OR'!G22 -> 78000 | H15: =ROUND(G15*(1+$F15),0) -> 92820 | I15: =+NEXWARE!G22 -> 135000 | J15: =ROUND(I15*(1+$F15),0) -> 160650 | K15: =+'C&T'!G22 -> 216000 | L15: =ROUND(K15*(1+$F15),0) -> 257040 | M15: =+RG!G22 -> 90000 | N15: =ROUND(M15*(1+$F15),0) -> 107100 | O15: =+ROUND(AVERAGE(G15,I15,K15,M15),0) -> 129750 | P15: =ROUND(O15*(1+$F15),0) -> 154403 | Q15: =+ROUND(GEOMEAN(G15,I15,K15,M15),0) -> 119614 | R15: =ROUND(Q15*(1+$F15),0) -> 142341 | S15: {=+ROUND(AVERAGE(SMALL((G15,I15,K15,M15),{1;2;3})),0)} -> 101000 | T15: =ROUND(S15*(1+$F15),0) -> 120190
B16: 9 | C16: Cautín Industrial Tipo Lápiz con Regulación Automática de Temperatura, de 60 Watts | D16: Unidad | E16: 1 | F16: 0.19 | G16: =+'AND&OR'!G23 -> 82000 | H16: =ROUND(G16*(1+$F16),0) -> 97580 | I16: =+NEXWARE!G23 -> 65000 | J16: =ROUND(I16*(1+$F16),0) -> 77350 | K16: =+'C&T'!G23 -> 65000 | L16: =ROUND(K16*(1+$F16),0) -> 77350 | M16: =+RG!G23 -> 160000 | N16: =ROUND(M16*(1+$F16),0) -> 190400 | O16: =+ROUND(AVERAGE(G16,I16,K16,M16),0) -> 93000 | P16: =ROUND(O16*(1+$F16),0) -> 110670 | Q16: =+ROUND(GEOMEAN(G16,I16,K16,M16),0) -> 86286 | R16: =ROUND(Q16*(1+$F16),0) -> 102680 | S16: {=+ROUND(AVERAGE(SMALL((G16,I16,K16,M16),{1;2;3})),0)} -> 70667 | T16: =ROUND(S16*(1+$F16),0) -> 84094
B17: 10 | C17: Rollo de 100 Gramos de Soldadura con Aleación Estaño/Plomo (60/40) | D17: Rollo 100g | E17: 1 | F17: 0.19 | G17: =+'AND&OR'!G24 -> 92000 | H17: =ROUND(G17*(1+$F17),0) -> 109480 | I17: =+NEXWARE!G24 -> 50000 | J17: =ROUND(I17*(1+$F17),0) -> 59500 | K17: =+'C&T'!G24 -> 74000 | L17: =ROUND(K17*(1+$F17),0) -> 88060 | M17: =+RG!G24 -> 120000 | N17: =ROUND(M17*(1+$F17),0) -> 142800 | O17: =+ROUND(AVERAGE(G17,I17,K17,M17),0) -> 84000 | P17: =ROUND(O17*(1+$F17),0) -> 99960 | Q17: =+ROUND(GEOMEAN(G17,I17,K17,M17),0) -> 79945 | R17: =ROUND(Q17*(1+$F17),0) -> 95135 | S17: {=+ROUND(AVERAGE(SMALL((G17,I17,K17,M17),{1;2;3})),0)} -> 72000 | T17: =ROUND(S17*(1+$F17),0) -> 85680
B18: 11 | C18: Pomada para Soldar 8 Grs | D18: Unidad 8g | E18: 1 | F18: 0.19 | G18: =+'AND&OR'!G25 -> 8000 | H18: =ROUND(G18*(1+$F18),0) -> 9520 | I18: =+NEXWARE!G25 -> 15000 | J18: =ROUND(I18*(1+$F18),0) -> 17850 | K18: =+'C&T'!G25 -> 6500 | L18: =ROUND(K18*(1+$F18),0) -> 7735 | M18: =+RG!G25 -> 25000 | N18: =ROUND(M18*(1+$F18),0) -> 29750 | O18: =+ROUND(AVERAGE(G18,I18,K18,M18),0) -> 13625 | P18: =ROUND(O18*(1+$F18),0) -> 16214 | Q18: =+ROUND(GEOMEAN(G18,I18,K18,M18),0) -> 11817 | R18: =ROUND(Q18*(1+$F18),0) -> 14062 | S18: {=+ROUND(AVERAGE(SMALL((G18,I18,K18,M18),{1;2;3})),0)} -> 9833 | T18: =ROUND(S18*(1+$F18),0) -> 11701
B19: 12 | C19: Desoldador de Estaño de Succión | D19: Unidad | E19: 1 | F19: 0.19 | G19: =+'AND&OR'!G26 -> 29000 | H19: =ROUND(G19*(1+$F19),0) -> 34510 | I19: =+NEXWARE!G26 -> 40000 | J19: =ROUND(I19*(1+$F19),0) -> 47600 | K19: =+'C&T'!G26 -> 24000 | L19: =ROUND(K19*(1+$F19),0) -> 28560 | M19: =+RG!G26 -> 90000 | N19: =ROUND(M19*(1+$F19),0) -> 107100 | O19: =+ROUND(AVERAGE(G19,I19,K19,M19),0) -> 45750 | P19: =ROUND(O19*(1+$F19),0) -> 54443 | Q19: =+ROUND(GEOMEAN(G19,I19,K19,M19),0) -> 39786 | R19: =ROUND(Q19*(1+$F19),0) -> 47345 | S19: {=+ROUND(AVERAGE(SMALL((G19,I19,K19,M19),{1;2;3})),0)} -> 31000 | T19: =ROUND(S19*(1+$F19),0) -> 36890
B20: 13 | C20: Malla en Cobre para Desoldar 3mm X 1.5m, Quita Estaño | D20: Unidad | E20: 1 | F20: 0.19 | G20: =+'AND&OR'!G27 -> 12000 | H20: =ROUND(G20*(1+$F20),0) -> 14280 | I20: =+NEXWARE!G27 -> 20000 | J20: =ROUND(I20*(1+$F20),0) -> 23800 | K20: =+'C&T'!G27 -> 11500 | L20: =ROUND(K20*(1+$F20),0) -> 13685 | M20: =+RG!G27 -> 28000 | N20: =ROUND(M20*(1+$F20),0) -> 33320 | O20: =+ROUND(AVERAGE(G20,I20,K20,M20),0) -> 17875 | P20: =ROUND(O20*(1+$F20),0) -> 21271 | Q20: =+ROUND(GEOMEAN(G20,I20,K20,M20),0) -> 16673 | R20: =ROUND(Q20*(1+$F20),0) -> 19841 | S20: {=+ROUND(AVERAGE(SMALL((G20,I20,K20,M20),{1;2;3})),0)} -> 14500 | T20: =ROUND(S20*(1+$F20),0) -> 17255
G21: TOTAL | H21: =SUM(H8:H20) -> 1630300 | I21: TOTAL | J21: =SUM(J8:J20) -> 1648150 | K21: TOTAL | L21: =SUM(L8:L20) -> 1964690 | M21: TOTAL | N21: =SUM(N8:N20) -> 1907570 | O21: TOTAL | P21: =SUM(P8:P20) -> 1787681 | Q21: TOTAL | R21: =SUM(R8:R20) -> 1700617 | S21: TOTAL | T21: =SUM(T8:T20) -> 1509712

Sheet AND&OR
B2: SOLICITUD DE COTIZACIÓN - REPUESTOS E INSUMOS PARA EQUIPOS TI 2025
B4: OBJETO: Contratar la adquisición de repuestos para equipos de tecnología del INSOR.
B6: NOMBRE DE CONTACTO | D6: CARGO | G6: E-MAIL
B7: WILDER ANDRES PARDO ORTIZ | D7: Representante Legal | G7: contacto@andyorsas.com
B8: EMPRESA: | D8: NIT | G8: TEL. CELULAR
B9: AND&OR TECNOLOGIAS S.A.S | D9: 901534977-0 | G9: 304831307
B10: DIRECCIÓN EMPRESA | D10: TEL. FIJO | G10: FECHA
B11: CALLE 29 # 2G 50 MANIZALES | G11: 45852
B12: Instrucciones de diligenciamiento: • Por favor sólo diligenciar las celdas resaltadas en color amarillo. • Diligenciar el precio unitario en las celdas de la columna "Valor unitario sin IVA", y el IVA correspondiente en la columna "Tarifa IVA %". • Revisar todos los requerimientos que se exponen en el Ficha de Condiciones Técnicas (FCT) y formular su cotización en concordancia con éste. • El precio de la cotización deber ser expresado en PESOS COLOMBIANOS. • Los valores deberán aproximarse por exceso o por defecto al entero más cercano así: (i) si es igual o superior a 50 centavos, se aproxima al entero siguiente; (ii) si es inferior a 50 centavos se baja al entero anterior. • No modificar, agregar o quitar ningún ítem o sub-ítem.
B13: Notas: (1) Los precios unitarios deben incluir todos los costos directos e indirectos en que deba incurrir el contratista para el cumplimiento del contrato (transporte, desplazamientos de personal, instalación, equipos, mano de obra, polizas, riesgos, etc, cuando estos apliquen)
B14: # | C14: Descripcion específica | D14: Unidad | E14: Cant. | F14: Tarifa IVA % | G14: Valor unitario antes de IVA | H14: Precio Unitario IVA incluido (redondeado)
B15: 1 | C15: Disco Duro – 500 Gb Ssd | D15: Unidad | E15: 1 | F15: 0.19 | G15: 192000 | H15: =ROUND(G15*(1+$F15),0) -> 228480
B16: 2 | C16: Disco Duro Externo - 2 Tb | D16: Unidad | E16: 1 | F16: 0.19 | G16: 412000 | H16: =ROUND(G16*(1+$F16),0) -> 490280
B17: 3 | C17: Limpiador De Contactos 450ML | D17: Unidad 450ml | E17: 1 | F17: 0.19 | G17: 52000 | H17: =ROUND(G17*(1+$F17),0) -> 61880
B18: 4 | C18: Cable Hdmi Doble Filtro X 20 M | D18: Unidad 20m | E18: 1 | F18: 0.19 | G18: 155000 | H18: =ROUND(G18*(1+$F18),0) -> 184450
B19: 5 | C19: Adaptador Usb A Ethernet, Concentrador Usb 5 En 1 | D19: Unidad | E19: 1 | F19: 0.19 | G19: 92000 | H19: =ROUND(G19*(1+$F19),0) -> 109480
B20: 6 | C20: Cable de Video Vga De 12 Mts | D20: Unidad 12m | E20: 1 | F20: 0.19 | G20: 68000 | H20: =ROUND(G20*(1+$F20),0) -> 80920
B21: 7 | C21: Jack Power Pin de Carga Dell Latitude 3510 | D21: Unidad | E21: 1 | F21: 0.19 | G21: 98000 | H21: =ROUND(G21*(1+$F21),0) -> 116620
B22: 8 | C22: Ayudante Electrónica Tercera Mano Tercer Brazo (Lupa, 3 Soportes Y Soporte Para Cautín), caimanes en acero inoxidable y Base de acero fundido | D22: Unidad | E22: 1 | F22: 0.19 | G22: 78000 | H22: =ROUND(G22*(1+$F22),0) -> 92820
B23: 9 | C23: Cautín Industrial Tipo Lápiz con Regulación Automática de Temperatura, de 60 Watts | D23: Unidad | E23: 1 | F23: 0.19 | G23: 82000 | H23: =ROUND(G23*(1+$F23),0) -> 97580
B24: 10 | C24: Rollo de 100 Gramos de Soldadura con Aleación Estaño/Plomo (60/40) | D24: Rollo 100g | E24: 1 | F24: 0.19 | G24: 92000 | H24: =ROUND(G24*(1+$F24),0) -> 109480
B25: 11 | C25: Pomada para Soldar 8 Grs | D25: Unidad 8g | E25: 1 | F25: 0.19 | G25: 8000 | H25: =ROUND(G25*(1+$F25),0) -> 9520
B26: 12 | C26: Desoldador de Estaño de Succión | D26: Unidad | E26: 1 | F26: 0.19 | G26: 29000 | H26: =ROUND(G26*(1+$F26),0) -> 34510
B27: 13 | C27: Malla en Cobre para Desoldar 3mm X 1.5m, Quita Estaño | D27: Unidad | E27: 1 | F27: 0.19 | G27: 12000 | H27: =ROUND(G27*(1+$F27),0) -> 14280
G28: TOTAL | H28: =SUM(H15:H27) -> 1630300
B30: La presente cotización:
B31: • Incluye todos los costos y gastos directos e indirectos en que debe incurrir el contratista durante la ejecución del contrato de acuerdo con las especificaciones establecidas en el Ficha de Condiciones Técnicas (FCT). • Se remite como parte del estudio de mercado, previo a la contratación, y no implica ninguna obligación de contratar. • Tiene una vigencia de 120 días a partir de la fecha de diligenciamiento.
B32: LOS DATOS PROPORCIONADOS SERÁN TRATADOS DE ACUERDO A LA POLÍTICA DE TRATAMIENTO DE DATOS PERSONALES DEL INSOR Y A LA LEY 1581 DE 2012

Sheet NEXWARE
B2: SOLICITUD DE COTIZACIÓN - REPUESTOS E INSUMOS PARA EQUIPOS TI 2025
B4: OBJETO: Contratar la adquisición de repuestos para equipos de tecnología del INSOR.
B6: NOMBRE DE CONTACTO | D6: CARGO | G6: E-MAIL
B7: CARLOS GOMEZ | D7: COMERCIAL | G7: carlos.gomez@nexware.com.co
B8: EMPRESA: | D8: NIT | G8: TEL. CELULAR
B9: NEXWARE COLOMBIA | D9: 900,077,817-6 | G9: 3158520892
B10: DIRECCIÓN EMPRESA | D10: TEL. FIJO | G10: FECHA
B11: CARRERA 27A # 75-39 | D11: 4936655 | G11: JULIO 17-2025
B12: Instrucciones de diligenciamiento: • Por favor sólo diligenciar las celdas resaltadas en color amarillo. • Diligenciar el precio unitario en las celdas de la columna "Valor unitario sin IVA", y el IVA correspondiente en la columna "Tarifa IVA %". • Revisar todos los requerimientos que se exponen en el Ficha de Condiciones Técnicas (FCT) y formular su cotización en concordancia con éste. • El precio de la cotización deber ser expresado en PESOS COLOMBIANOS. • Los valores deberán aproximarse por exceso o por defecto al entero más cercano así: (i) si es igual o superior a 50 centavos, se aproxima al entero siguiente; (ii) si es inferior a 50 centavos se baja al entero anterior. • No modificar, agregar o quitar ningún ítem o sub-ítem.
B13: Notas: (1) Los precios unitarios deben incluir todos los costos directos e indirectos en que deba incurrir el contratista para el cumplimiento del contrato (transporte, desplazamientos de personal, instalación, equipos, mano de obra, polizas, riesgos, etc, cuando estos apliquen)
B14: # | C14: Descripcion específica | D14: Unidad | E14: Cant. | F14: Tarifa IVA % | G14: Valor unitario antes de IVA | H14: Precio Unitario IVA incluido (redondeado)
B15: 1 | C15: Disco Duro – 500 Gb Ssd | D15: Unidad | E15: 1 | F15: 0.19 | G15: 130000 | H15: =ROUND(G15*(1+$F15),0) -> 154700
B16: 2 | C16: Disco Duro Externo - 2 Tb | D16: Unidad | E16: 1 | F16: 0.19 | G16: 560000 | H16: =ROUND(G16*(1+$F16),0) -> 666400
B17: 3 | C17: Limpiador De Contactos 450ML | D17: Unidad 450ml | E17: 1 | F17: 0.19 | G17: 30000 | H17: =ROUND(G17*(1+$F17),0) -> 35700
B18: 4 | C18: Cable Hdmi Doble Filtro X 20 M | D18: Unidad 20m | E18: 1 | F18: 0.19 | G18: 130000 | H18: =ROUND(G18*(1+$F18),0) -> 154700
B19: 5 | C19: Adaptador Usb A Ethernet, Concentrador Usb 5 En 1 | D19: Unidad | E19: 1 | F19: 0.19 | G19: 75000 | H19: =ROUND(G19*(1+$F19),0) -> 89250
B20: 6 | C20: Cable de Video Vga De 12 Mts | D20: Unidad 12m | E20: 1 | F20: 0.19 | G20: 45000 | H20: =ROUND(G20*(1+$F20),0) -> 53550
B21: 7 | C21: Jack Power Pin de Carga Dell Latitude 3510 | D21: Unidad | E21: 1 | F21: 0.19 | G21: 90000 | H21: =ROUND(G21*(1+$F21),0) -> 107100
B22: 8 | C22: Ayudante Electrónica Tercera Mano Tercer Brazo (Lupa, 3 Soportes Y Soporte Para Cautín), caimanes en acero inoxidable y Base de acero fundido | D22: Unidad | E22: 1 | F22: 0.19 | G22: 135000 | H22: =ROUND(G22*(1+$F22),0) -> 160650
B23: 9 | C23: Cautín Industrial Tipo Lápiz con Regulación Automática de Temperatura, de 60 Watts | D23: Unidad | E23: 1 | F23: 0.19 | G23: 65000 | H23: =ROUND(G23*(1+$F23),0) -> 77350
B24: 10 | C24: Rollo de 100 Gramos de Soldadura con Aleación Estaño/Plomo (60/40) | D24: Rollo 100g | E24: 1 | F24: 0.19 | G24: 50000 | H24: =ROUND(G24*(1+$F24),0) -> 59500
B25: 11 | C25: Pomada para Soldar 8 Grs | D25: Unidad 8g | E25: 1 | F25: 0.19 | G25: 15000 | H25: =ROUND(G25*(1+$F25),0) -> 17850
B26: 12 | C26: Desoldador de Estaño de Succión | D26: Unidad | E26: 1 | F26: 0.19 | G26: 40000 | H26: =ROUND(G26*(1+$F26),0) -> 47600
B27: 13 | C27: Malla en Cobre para Desoldar 3mm X 1.5m, Quita Estaño | D27: Unidad | E27: 1 | F27: 0.19 | G27: 20000 | H27: =ROUND(G27*(1+$F27),0) -> 23800
G28: TOTAL | H28: =SUM(H15:H27) -> 1648150
B30: La presente cotización:
B31: • Incluye todos los costos y gastos directos e indirectos en que debe incurrir el contratista durante la ejecución del contrato de acuerdo con las especificaciones establecidas en el Ficha de Condiciones Técnicas (FCT). • Se remite como parte del estudio de mercado, previo a la contratación, y no implica ninguna obligación de contratar. • Tiene una vigencia de 120 días a partir de la fecha de diligenciamiento.
B32: LOS DATOS PROPORCIONADOS SERÁN TRATADOS DE ACUERDO A LA POLÍTICA DE TRATAMIENTO DE DATOS PERSONALES DEL INSOR Y A LA LEY 1581 DE 2012

Sheet C&T
B2: SOLICITUD DE COTIZACIÓN - REPUESTOS E INSUMOS PARA EQUIPOS TI 2025
B4: OBJETO: Contratar la adquisición de repuestos para equipos de tecnología del INSOR.
B6: NOMBRE DE CONTACTO | D6: CARGO | G6: E-MAIL
B7: ANGEL MARIA CORTES RINCON | D7: EJECUTIVO COMERCIAL | G7: ventas@cytsolucionessas.com
B8: EMPRESA: | D8: NIT | G8: TEL. CELULAR
B9: C&T SOLUCIONES SAS | D9: 900595320-1 | G9: 3212004825
B10: DIRECCIÓN EMPRESA | D10: TEL. FIJO | G10: FECHA
B11: CALLE 45 No. 45-16 OFICINA 2604 | D11: 6012876010 | G11: 45853
B12: Instrucciones de diligenciamiento: • Por favor sólo diligenciar las celdas resaltadas en color amarillo. • Diligenciar el precio unitario en las celdas de la columna "Valor unitario sin IVA", y el IVA correspondiente en la columna "Tarifa IVA %". • Revisar todos los requerimientos que se exponen en el Ficha de Condiciones Técnicas (FCT) y formular su cotización en concordancia con éste. • El precio de la cotización deber ser expresado en PESOS COLOMBIANOS. • Los valores deberán aproximarse por exceso o por defecto al entero más cercano así: (i) si es igual o superior a 50 centavos, se aproxima al entero siguiente; (ii) si es inferior a 50 centavos se baja al entero anterior. • No modificar, agregar o quitar ningún ítem o sub-ítem.
B13: Notas: (1) Los precios unitarios deben incluir todos los costos directos e indirectos en que deba incurrir el contratista para el cumplimiento del contrato (transporte, desplazamientos de personal, instalación, equipos, mano de obra, polizas, riesgos, etc, cuando estos apliquen)
B14: # | C14: Descripcion específica | D14: Unidad | E14: Cant. | F14: Tarifa IVA % | G14: Valor unitario antes de IVA | H14: Precio Unitario IVA incluido (redondeado)
B15: 1 | C15: Disco Duro – 500 Gb Ssd | D15: Unidad | E15: 1 | F15: 0.19 | G15: 177000 | H15: =ROUND(G15*(1+$F15),0) -> 210630
B16: 2 | C16: Disco Duro Externo - 2 Tb | D16: Unidad | E16: 1 | F16: 0.19 | G16: 767000 | H16: =ROUND(G16*(1+$F16),0) -> 912730
B17: 3 | C17: Limpiador De Contactos 450ML | D17: Unidad 450ml | E17: 1 | F17: 0.19 | G17: 39000 | H17: =ROUND(G17*(1+$F17),0) -> 46410
B18: 4 | C18: Cable Hdmi Doble Filtro X 20 M | D18: Unidad 20m | E18: 1 | F18: 0.19 | G18: 80000 | H18: =ROUND(G18*(1+$F18),0) -> 95200
B19: 5 | C19: Adaptador Usb A Ethernet, Concentrador Usb 5 En 1 | D19: Unidad | E19: 1 | F19: 0.19 | G19: 95000 | H19: =ROUND(G19*(1+$F19),0) -> 113050
B20: 6 | C20: Cable de Video Vga De 12 Mts | D20: Unidad 12m | E20: 1 | F20: 0.19 | G20: 41000 | H20: =ROUND(G20*(1+$F20),0) -> 48790
B21: 7 | C21: Jack Power Pin de Carga Dell Latitude 3510 | D21: Unidad | E21: 1 | F21: 0.19 | G21: 55000 | H21: =ROUND(G21*(1+$F21),0) -> 65450
B22: 8 | C22: Ayudante Electrónica Tercera Mano Tercer Brazo (Lupa, 3 Soportes Y Soporte Para Cautín), caimanes en acero inoxidable y Base de acero fundido | D22: Unidad | E22: 1 | F22: 0.19 | G22: 216000 | H22: =ROUND(G22*(1+$F22),0) -> 257040
B23: 9 | C23: Cautín Industrial Tipo Lápiz con Regulación Automática de Temperatura, de 60 Watts | D23: Unidad | E23: 1 | F23: 0.19 | G23: 65000 | H23: =ROUND(G23*(1+$F23),0) -> 77350
B24: 10 | C24: Rollo de 100 Gramos de Soldadura con Aleación Estaño/Plomo (60/40) | D24: Rollo 100g | E24: 1 | F24: 0.19 | G24: 74000 | H24: =ROUND(G24*(1+$F24),0) -> 88060
B25: 11 | C25: Pomada para Soldar 8 Grs | D25: Unidad 8g | E25: 1 | F25: 0.19 | G25: 6500 | H25: =ROUND(G25*(1+$F25),0) -> 7735
B26: 12 | C26: Desoldador de Estaño de Succión | D26: Unidad | E26: 1 | F26: 0.19 | G26: 24000 | H26: =ROUND(G26*(1+$F26),0) -> 28560
B27: 13 | C27: Malla en Cobre para Desoldar 3mm X 1.5m, Quita Estaño | D27: Unidad | E27: 1 | F27: 0.19 | G27: 11500 | H27: =ROUND(G27*(1+$F27),0) -> 13685
G28: TOTAL | H28: =SUM(H15:H27) -> 1964690
B30: La presente cotización:
B31: • Incluye todos los costos y gastos directos e indirectos en que debe incurrir el contratista durante la ejecución del contrato de acuerdo con las especificaciones establecidas en el Ficha de Condiciones Técnicas (FCT). • Se remite como parte del estudio de mercado, previo a la contratación, y no implica ninguna obligación de contratar. • Tiene una vigencia de 120 días a partir de la fecha de diligenciamiento.
B32: LOS DATOS PROPORCIONADOS SERÁN TRATADOS DE ACUERDO A LA POLÍTICA DE TRATAMIENTO DE DATOS PERSONALES DEL INSOR Y A LA LEY 1581 DE 2012

Sheet RG
B2: SOLICITUD DE COTIZACIÓN - REPUESTOS E INSUMOS PARA EQUIPOS TI 2025
B4: OBJETO: Contratar la adquisición de repuestos para equipos de tecnología del INSOR.
B6: NOMBRE DE CONTACTO | D6: CARGO | G6: E-MAIL
B7: RODRIGO GUERRA PEÑA | D7: REPRESENTANTE Legal | G7: roguepe@hotmail.com
B8: EMPRESA: | D8: NIT | G8: TEL. CELULAR
B9: SOLUCIONES TECNOLOGICAS RG S.A.S | D9: 901129712-1 | G9: 3112400088
B10: DIRECCIÓN EMPRESA | D10: TEL. FIJO | G10: FECHA
B11: Cra 112a No. 70a-48 B/La Riviera Engativa | D11: 5323395 | G11: 45855
B12: Instrucciones de diligenciamiento: • Por favor sólo diligenciar las celdas resaltadas en color amarillo. • Diligenciar el precio unitario en las celdas de la columna "Valor unitario sin IVA", y el IVA correspondiente en la columna "Tarifa IVA %". • Revisar todos los requerimientos que se exponen en el Ficha de Condiciones Técnicas (FCT) y formular su cotización en concordancia con éste. • El precio de la cotización deber ser expresado en PESOS COLOMBIANOS. • Los valores deberán aproximarse por exceso o por defecto al entero más cercano así: (i) si es igual o superior a 50 centavos, se aproxima al entero siguiente; (ii) si es inferior a 50 centavos se baja al entero anterior. • No modificar, agregar o quitar ningún ítem o sub-ítem.
B13: Notas: (1) Los precios unitarios deben incluir todos los costos directos e indirectos en que deba incurrir el contratista para el cumplimiento del contrato (transporte, desplazamientos de personal, instalación, equipos, mano de obra, polizas, riesgos, etc, cuando estos apliquen)
B14: # | C14: Descripcion específica | D14: Unidad | E14: Cant. | F14: Tarifa IVA % | G14: Valor unitario antes de IVA | H14: Precio Unitario IVA incluido (redondeado)
B15: 1 | C15: Disco Duro – 500 Gb Ssd | D15: Unidad | E15: 1 | F15: 0.19 | G15: 190000 | H15: =ROUND(G15*(1+$F15),0) -> 226100
B16: 2 | C16: Disco Duro Externo - 2 Tb | D16: Unidad | E16: 1 | F16: 0.19 | G16: 390000 | H16: =ROUND(G16*(1+$F16),0) -> 464100
B17: 3 | C17: Limpiador De Contactos 450ML | D17: Unidad 450ml | E17: 1 | F17: 0.19 | G17: 70000 | H17: =ROUND(G17*(1+$F17),0) -> 83300
B18: 4 | C18: Cable Hdmi Doble Filtro X 20 M | D18: Unidad 20m | E18: 1 | F18: 0.19 | G18: 60000 | H18: =ROUND(G18*(1+$F18),0) -> 71400
B19: 5 | C19: Adaptador Usb A Ethernet, Concentrador Usb 5 En 1 | D19: Unidad | E19: 1 | F19: 0.19 | G19: 140000 | H19: =ROUND(G19*(1+$F19),0) -> 166600
B20: 6 | C20: Cable de Video Vga De 12 Mts | D20: Unidad 12m | E20: 1 | F20: 0.19 | G20: 70000 | H20: =ROUND(G20*(1+$F20),0) -> 83300
B21: 7 | C21: Jack Power Pin de Carga Dell Latitude 3510 | D21: Unidad | E21: 1 | F21: 0.19 | G21: 170000 | H21: =ROUND(G21*(1+$F21),0) -> 202300
B22: 8 | C22: Ayudante Electrónica Tercera Mano Tercer Brazo (Lupa, 3 Soportes Y Soporte Para Cautín), caimanes en acero inoxidable y Base de acero fundido | D22: Unidad | E22: 1 | F22: 0.19 | G22: 90000 | H22: =ROUND(G22*(1+$F22),0) -> 107100
B23: 9 | C23: Cautín Industrial Tipo Lápiz con Regulación Automática de Temperatura, de 60 Watts | D23: Unidad | E23: 1 | F23: 0.19 | G23: 160000 | H23: =ROUND(G23*(1+$F23),0) -> 190400
B24: 10 | C24: Rollo de 100 Gramos de Soldadura con Aleación Estaño/Plomo (60/40) | D24: Rollo 100g | E24: 1 | F24: 0.19 | G24: 120000 | H24: =ROUND(G24*(1+$F24),0) -> 142800
B25: 11 | C25: Pomada para Soldar 8 Grs | D25: Unidad 8g | E25: 1 | F25: 0.19 | G25: 25000 | H25: =ROUND(G25*(1+$F25),0) -> 29750
B26: 12 | C26: Desoldador de Estaño de Succión | D26: Unidad | E26: 1 | F26: 0.19 | G26: 90000 | H26: =ROUND(G26*(1+$F26),0) -> 107100
B27: 13 | C27: Malla en Cobre para Desoldar 3mm X 1.5m, Quita Estaño | D27: Unidad | E27: 1 | F27: 0.19 | G27: 28000 | H27: =ROUND(G27*(1+$F27),0) -> 33320
G28: TOTAL | H28: =SUM(H15:H27) -> 1907570
B30: La presente cotización:
B31: • Incluye todos los costos y gastos directos e indirectos en que debe incurrir el contratista durante la ejecución del contrato de acuerdo con las especificaciones establecidas en el Ficha de Condiciones Técnicas (FCT). • Se remite como parte del estudio de mercado, previo a la contratación, y no implica ninguna obligación de contratar. • Tiene una vigencia de 120 días a partir de la fecha de diligenciamiento.
B32: LOS DATOS PROPORCIONADOS SERÁN TRATADOS DE ACUERDO A LA POLÍTICA DE TRATAMIENTO DE DATOS PERSONALES DEL INSOR Y A LA LEY 1581 DE 2012
